 Dungeon Crawl Stone Soup version 0.22-a0-271-gc000056 (webtiles) character file.

97 tilp the Chiller (level 4, 0/30 HPs)
             Began as a Merfolk Ice Elementalist on Mar 12, 2018.
             Succumbed to kobold's curare-tipped needle
             ... on level 2 of the Dungeon.
             The game lasted 00:06:02 (2206 turns).

tilp the Chiller (Merfolk Ice Elementalist)         Turns: 2206, Time: 00:06:03

Health: 0/30       AC:  2    Str:  8    XL:     4   Next: 68%
Magic:  6/7        EV: 13    Int: 15    God:
Gold:   93         SH:  0    Dex: 14    Spells: 1/7 levels left

rFire    . . .     SeeInvis .   f - +2 whip (venom)
rCold    . . .     Gourm    .   (no shield)
rNeg     . . .     Faith    .   a - +0 robe
rPois    .         Spirit   .   (no helmet)
rElec    .         Reflect  .   (no cloak)
rCorr    .         Harm     .   (no gloves)
MR       .....                  (no boots)
Stlth    ++........             (no amulet)
HPRegen  0.10/turn              (no ring)
MPRegen  0.10/turn              (no ring)

@: lethally poisoned (0 -> -21), slowed, very slow
A: change form in water, swift swim, stealthy swim
a: no special abilities


You were on level 2 of the Dungeon.
You were not hungry.

You visited 1 branch of the dungeon, and saw 2 of its levels.

You collected 93 gold pieces.

Inventory:

Hand Weapons
 f - a +2 whip of venom (weapon)
 k - a +0 spear
 o - a +0 hunting sling
Missiles
 d - 114 stones (quivered)
Armour
 a - a +0 robe (worn)
Scrolls
 e - 3 scrolls of identify {unknown}
 i - a scroll of teleportation {unknown}
 l - a scroll of fear {unknown}
 n - a scroll of noise {unknown}
Potions
 h - a potion of agility
Comestibles
 b - 3 chunks of flesh
 c - 4 rations


   Skills:
 - Level 2.6 Dodging
 - Level 2.1 Stealth
 - Level 2.0 Spellcasting
 - Level 0.7 Conjurations
 + Level 5.8 Ice Magic


You had one spell level left.
You knew the following spells:

 Your Spells              Type           Power        Failure   Level  Hunger
a - Freeze                Ice            ###.         1%          1    #......
b - Throw Frost           Conj/Ice       ##....       9%          2    ###....
c - Ozocubu's Armour      Chrm/Ice       ##......     21%         3    ###....


Dungeon Overview and Level Annotations

Branches:
Dungeon (2/15)

Altars:


Message History

Throwing (i - inventory)
d - 115 stones (quivered)
Press: ? - help, Shift-Dir - straight line, f/p - kobold
Aim: a kobold, wielding a blowgun You throw a stone.
The stone barely misses the kobold.
* * * LOW HITPOINT WARNING * * *
You feel very sick.
Casting: Freeze (safe; 1% risk of failure)
Confirm with . or Enter, or press ? or * to list all spells.
Aiming: Freeze (safe; 1% risk of failure)
Press: ? - help, Shift-Dir - straight line, f/p - kobold
Aim: a kobold, wielding a blowgun You freeze the kobold.
You kill the kobold!
* * * LOW HITPOINT WARNING * * *
You feel very sick.
There is a lethal amount of poison in your body!
* * * LOW HITPOINT WARNING * * *
You feel very sick.
Okay, then.
You die...

#..#.#. ## ##.#._.
..# #...#. ...#
#####....#K...# .
........(.....#
#.######(.#####.#
....>.(..(.......
#..#...#.#######.#
#........)@...##.
#.........((.....#
##.......####.####
......#..#....#
###...#..##.#
............#
####..#.###.#
##....##.#
####.##)#


There were no monsters in sight!

Vanquished Creatures
  A hound (D:2)
  An adder (D:2)
  An ooze (D:2)
  A worm (D:2)
  2 dart slugs (D:1)
  2 leopard geckos
  6 bats (D:1)
  A giant cockroach (D:1)
  6 goblins
  8 hobgoblins
  2 frilled lizards
  10 kobolds
  3 rats
44 creatures vanquished.

Notes
Turn   | Place    | Note
-------+----------+-------------------------------------------
     0 | D:1      | tilp the Merfolk Ice Elementalist began the quest for the Orb.
     0 | D:1      | Reached XP level 1. HP: 13/13 MP: 3/3
   242 | D:1      | Reached XP level 2. HP: 19/19 MP: 3/5
   246 | D:1      | Learned a level 2 spell: Throw Frost
   327 | D:1      | Reached skill level 4 in Ice Magic
   789 | D:1      | Reached XP level 3. HP: 24/24 MP: 4/6
   794 | D:1      | Learned a level 3 spell: Ozocubu's Armour
  1584 | D:2      | Reached skill level 5 in Ice Magic
  1584 | D:2      | Reached XP level 4. HP: 21/30 MP: 2/7
  2189 | D:2      | Found a faded altar of an unknown god.
  2206 | D:2      | Succumbed to kobold's curare-tipped needle

Vault maps used:
D:1:      minmay_arrival_shattered_statue
D:2:      kennysheep_big_flooded_room, chequers_ecumenical_altar_simple_redux,
          first_ration

Skill      XL: |  1  2  3 |
---------------+----------+-----
Ice Magic      | 4 5 |  5.8
Dodging        | |  2.6
Stealth        | |  2.1
Spellcasting   | |  2.0
Conjurations   | |  0.7

Action                   |  1- 3 |  4- 6 || total
-------------------------+-------+-------++-------
Melee: Dagger            |    23 |     6 ||    29
       Unarmed           |     1 |       ||     1
       Whip              |       |    19 ||    19
Throw: Stone             |    13 |     2 ||    15
       Tomahawk          |       |    11 ||    11
 Cast: Freeze            |    44 |    13 ||    57
       Ozocubu's Armour  |     1 |     4 ||     5
       Throw Frost       |       |     1 ||     1
  Use: Potion            |       |     2 ||     2
 Stab: Sleeping          |     4 |     1 ||     5
  Eat: Chunk             |     3 |     3 ||     6
Armor: Robe              |    11 |     9 ||    20
Dodge: Dodged            |    37 |    26 ||    63

Table legend:
 A = Spawn XP
 B = Non-spawn XP
 C = Spawn XP percentage of total XP
 D = Spawn monster count
 E = Non-spawn monster count
 F = Spawn count percentage of total count
 G = Total turns spent on level
                    A         B        C        D         E        F      G
               +---------+---------+-------+---------+---------+-------+---------
         Total |       0 |     139 |   0.0 |       0 |      44 |   0.0 |  2206
               +---------+---------+-------+---------+---------+-------+---------
           D:1 |       0 |      53 |   0.0 |       0 |      30 |   0.0 |  1528
           D:2 |       0 |      86 |   0.0 |       0 |      14 |   0.0 |   678
               +---------+---------+-------+---------+---------+-------+---------
